 Dungeon Crawl Stone Soup version 0.19.0-9-gfd783f2 (webtiles) character file.

674 Haldmier the Cleaver (level 7, 0/56 HPs)
             Began as a Hill Orc Gladiator on Nov 7, 2016.
             Was an Initiate of Makhleb.
             Slain by a worker ant (4 damage)
             ... on level 4 of the Dungeon.
             The game lasted 00:16:08 (3647 turns).

Haldmier the Cleaver (Hill Orc Gladiator)           Turns: 3647, Time: 00:16:09

Health: 0/56       AC: 12    Str: 19    XL:     7   Next: 59%
Magic:  7/7        EV:  7    Int:  8    God:    Makhleb [......]
Gold:   217        SH:  3    Dex: 12    Spells: 0 memorised, 6 levels left

rFire  + . .     SeeInvis +     a - +0 war axe
rCold  . . .     Gourm    .     A - +0 chain mail
rNeg   . . .     Faith    .     M - +0 buckler {rF+}
rPois  +         Spirit   .     c - +0 helmet
rElec  .         Reflect  .     v - +0 cloak
rCorr  .         Harm     .     (no gloves)
MR     .....                    q - +1 pair of boots {Stlth+}
Stlth  ..........               (no amulet)
                                k - ring of see invisible
                                i - ring of poison resistance

@: lethally poisoned (0 -> -1)
A: no striking features
a: Renounce Religion


You were on level 4 of the Dungeon.
You worshipped Makhleb.
Makhleb was noncommittal.
You were not hungry.

You visited 2 branches of the dungeon, and saw 6 of its levels.

You collected 217 gold pieces.

Inventory:

Hand Weapons
 a - a +0 war axe (weapon)
 n - a +0 whip of flaming
Missiles
 d - 3 throwing nets
 u - 18 tomahawks (quivered)
 D - 7 exploding tomahawks
Armour
 c - a +0 helmet (worn)
 q - a +1 pair of boots of stealth (worn)
 v - a +0 cloak (worn)
 A - a +0 chain mail (worn)
 M - a +0 buckler of fire resistance (worn)
Jewellery
 g - an uncursed ring of flight {unknown}
 i - a ring of poison resistance (left hand)
 k - a ring of see invisible (right hand)
Wands
 b - a wand of digging (6/24)
Scrolls
 h - a scroll of remove curse
 r - a scroll of fog {unknown}
 s - a scroll of fear {unknown}
 y - 2 scrolls of recharging
 z - a scroll of enchant armour {unknown}
 C - 2 scrolls of teleportation {unknown}
 G - 3 scrolls of random uselessness {unknown}
 L - 2 scrolls of identify
Potions
 e - 3 potions of curing
 l - a potion of haste
 m - a potion of flight
 o - 2 potions of heal wounds
 t - a potion of brilliance
 x - a potion of ambrosia {unknown}
 B - a potion of lignification {unknown}
 E - a potion of magic {unknown}
 H - a potion of resistance {unknown}
 J - 3 potions of agility {unknown}
Comestibles
 f - 3 bread rations
 j - a meat ration
 p - 2 beef jerkies
 w - 2 fruits
 F - a slice of pizza
 I - 2 chunks of flesh
 K - a royal jelly


   Skills:
 - Level 2.4 Fighting
 + Level 11.1 Axes
 - Level 1.7 Throwing
 - Level 2.4 Dodging


You had 6 spell levels left.
You didn't know any spells.

Dungeon Overview and Level Annotations

Branches:
Dungeon (5/15)             Temple (1/1) D:4

Altars:
Ashenzari
Cheibriados
Dithmenos
Elyvilon
Fedhas
Gozag
Hepliaklqana
Kikubaaqudgha
Makhleb
Nemelex Xobeh
Okawaru
Qazlal
Ru
Sif Muna
Trog
Uskayaw
Vehumet
Xom
Yredelemnul
Zin
The Shining One

Shops:
D:4 }

Annotations:
D:5 imganon's ghost, novice DsBe


Message History

The worker ant bites you but does no damage. x2
You completely miss the worker ant.
The worker ant is almost dead.
You block the worker ant's attack.
Your shield prevents you from hitting the worker ant.
The worker ant is almost dead.
The worker ant closely misses you.
You closely miss the worker ant.
The worker ant is almost dead.
You feel sick. The worker ant bites you.
* * * LOW HITPOINT WARNING * * *
You closely miss the worker ant.
The worker ant is almost dead.
The worker ant completely misses you.
You barely miss the worker ant.
The worker ant is almost dead.
You feel sick. The worker ant bites you.
* * * LOW HITPOINT WARNING * * *
The worker ant bites you.
You die...

.........#..#
######.#...##########
#.#.### #......# #...#
#......# #..## #......#
######.)# #......#
........# ##......#
.######.# #.......##### ##
#.## #.>.@a......# ###
#))####.#########.#
..#####......># #.######
#.......##..### #......#
##...######.### ##.....#
.....# #..[## #.....#
.###.########..#####
#.....# ##
#...............# #.....# #
######..........#####.....#


You could see a worker ant.

Vanquished Creatures
  An orc warrior (D:5)
  Purgy (D:3)
  A scorpion (D:5)
  2 orc priests (D:4)
  An orc wizard (D:5)
  2 hounds (D:4)
  2 centaur skeletons
  Jessica (D:3)
  An iguana (D:5)
  A worker ant (D:4)
  3 gnolls (D:4)
  3 adders
  An ooze (D:4)
  An adder skeleton (D:4)
  3 dart slugs
  3 leopard geckos
  8 orcs
  13 bats
  5 giant cockroaches
  10 goblins
  4 hobgoblins
  4 jackals
  2 quokkas
  A ball python (D:4)
  3 frilled lizards
  A jackal skeleton (D:4)
  7 kobolds
  A leopard gecko skeleton (D:4)
  12 rats
98 creatures vanquished.

Notes
Turn   | Place    | Note
-------+----------+-------------------------------------------
     0 | D:1      | Haldmier the Hill Orc Gladiator began the quest for the Orb.
     0 | D:1      | Reached XP level 1. HP: 18/18 MP: 1/1
   182 | D:1      | Reached XP level 2. HP: 25/25 MP: 2/2
   390 | D:1      | Reached skill level 5 in Axes
   651 | D:1      | Reached XP level 3. HP: 25/30 MP: 3/3
  1178 | D:2      | Reached skill level 6 in Axes
  1359 | D:2      | Reached XP level 4. HP: 37/37 MP: 4/4
  1818 | D:3      | Noticed Purgy
  1827 | D:3      | Killed Purgy
  1827 | D:3      | Reached skill level 8 in Axes
  1827 | D:3      | Reached XP level 5. HP: 27/42 MP: 5/5
  1965 | D:3      | Noticed Jessica
  1971 | D:3      | Killed Jessica
  2317 | D:4      | Reached XP level 6. HP: 46/50 MP: 6/6
  2400 | D:4      | Reached skill level 9 in Axes
  2406 | D:4      | Found Yrebrera's Gadget Emporium.
  2471 | D:4      | Found a staircase to the Ecumenical Temple.
  2500 | Temple   | Entered the Ecumenical Temple
  2595 | Temple   | Became a worshipper of Makhleb the Destroyer
  2686 | D:4      | Reached skill level 10 in Axes
  2686 | D:4      | Reached XP level 7. HP: 33/56 MP: 7/7
  3033 | D:5      | Entered Level 5 of the Dungeon
  3140 | D:5      | Noticed imganon's ghost (novice DsBe)
  3539 | D:5      | Reached skill level 11 in Axes
  3647 | D:4      | Slain by a worker ant

Skill      XL: |  1  2  3  4  5  6  7 |
---------------+----------------------+-----
Axes           | 5 6 8 10 11 | 11.1
Fighting       | |  2.4
Throwing       | |  1.7
Dodging        | |  2.4

Action                   |  1- 3 |  4- 6 |  7- 9 || total
-------------------------+-------+-------+-------++-------
Melee: War axe           |   116 |   144 |    71 ||   331
  Use: Scroll            |       |     5 |     2 ||     7
 Stab: Sleeping          |     2 |       |       ||     2
  Eat: Chunk             |     1 |     5 |     3 ||     9
Armor: Leather armour    |    39 |    12 |       ||    51
       Chain mail        |       |    76 |    23 ||    99
Dodge: Dodged            |    98 |    60 |    16 ||   174
Block: Buckler           |       |    14 |     9 ||    23
